 Dungeon Crawl Stone Soup version 0.30-a0-986-g7f2e898f52 (webtiles) character file.

Game seed: 10229319490974456376

28 senseless the Cleaver (level 3, -2/28 HPs)
             Began as a Gnoll Wanderer on Apr 1, 2023.
             Slain by a white imp (5 damage)
             ... summoned by Natasha
             ... on level 2 of the Dungeon.
             The game lasted 00:02:41 (850 turns).

senseless the Cleaver (Gnoll Wanderer)               Turns: 850, Time: 00:02:41

Health: -2/28      AC:  3    Str: 15    XL:     3   Next: 12%
Magic:  4/4        EV: 10    Int: 11    God:
Gold:   23         SH:  4    Dex:  9    Spells: 3/3 levels left

rFire   . . .      SeeInvis .    a - +2 hand axe
rCold   . . .      Faith    .    c - +0 buckler
rNeg    . . .      Spirit   .    e - +0 leather armour
rPois   .          Reflect  .    (no helmet)
rElec   .          Rampage  .    (no cloak)
rCorr   .                        (no gloves)
Will    +....                    (no boots)
Stlth   ++                       (no amulet)
HPRegen 0.24/turn                n - ring of willpower
MPRegen 0.09/turn                (no ring)

@: no status effects
A: fangs 1, strong nose, distributed training
a: no special abilities


You were on level 2 of the Dungeon.
You visited 1 branch of the dungeon, and saw 2 of its levels.

You collected 23 gold pieces.

Inventory:

Hand Weapons
 a - a +2 hand axe (weapon)
 h - a +2 whip of distortion
 q - a +1 dagger of venom
Armour
 c - a +0 buckler (worn)
 e - a +0 leather armour (worn)
 r - a +0 scale mail
Jewellery
 n - a ring of willpower (left hand)
Scrolls
 f - a scroll of identify {unknown}
 i - a scroll of fog {unknown}
 p - a scroll of enchant armour {unknown}
 s - a scroll of teleportation {unknown}
Potions
 b - a potion of curing
 d - 3 potions of brilliance
 g - a potion of degeneration {unknown}
 j - a potion of might {unknown}
 k - a potion of berserk rage {unknown}
 l - a potion of flight {unknown}
 m - a potion of attraction {unknown}
 o - a potion of haste {unknown}


   Skills:
 + Level 2.6 Fighting
 + Level 0.7 Short Blades
 + Level 0.7 Long Blades
 + Level 10.4 Axes
 + Level 0.7 Maces & Flails
 + Level 0.7 Polearms
 + Level 0.7 Staves
 + Level 0.7 Ranged Weapons
 + Level 2.6 Throwing
 + Level 2.6 Armour
 + Level 0.7 Dodging
 + Level 2.3 Stealth
 + Level 2.6 Shields
 + Level 0.7 Unarmed Combat
 + Level 0.7 Spellcasting
 + Level 0.5 Conjurations
 + Level 0.5 Hexes
 + Level 0.5 Summonings
 + Level 0.5 Necromancy
 + Level 0.5 Translocations
 + Level 0.5 Transmutations
 + Level 0.5 Fire Magic
 + Level 0.5 Ice Magic
 + Level 0.5 Air Magic
 + Level 0.5 Earth Magic
 + Level 0.5 Poison Magic
 + Level 0.9 Invocations
 + Level 0.7 Evocations


You had 3 spell levels left.
You didn't know any spells.
Your spell library contained the following spells:

 Spells                   Type           Power      Damage    Failure   Level
 Sandblast                Erth           2%         2d4       41%         1
 Summon Small Mammal      Summ           4%         N/A       41%         1
 Passwall                 Tmut/Erth      0%         N/A       54%         2
 Call Canine Familiar     Summ           1%         N/A       78%         3
 Stone Arrow              Conj/Erth      2%         3d7       78%         3
 Summon Guardian Golem    Hex/Summ       1%         N/A       78%         3


Dungeon Overview and Level Annotations

Branches:
Dungeon (2/15)

Altars:

Annotations:
D:2 Natasha


Innate Abilities, Weirdness & Mutations

You have very sharp teeth.
Your uncanny sense of smell can sniff out nearby items.
Your experience applies equally to all skills.


Message History

Natasha is moderately wounded.
Natasha barely misses you.
You closely miss Natasha.
Natasha is moderately wounded.
Natasha closely misses you.
You hit Natasha.
Natasha is heavily wounded.
You completely miss the white imp.
The white imp hits you but does no damage.
Natasha misses you.
You barely miss Natasha.
Natasha is heavily wounded.
You barely miss the white imp. The white imp hits you.
The white imp freezes you. Natasha claws you but does no damage.
You miss Natasha. You bite Natasha, but do no damage.
Natasha is heavily wounded.
You hit the white imp. The white imp hits you. The white imp freezes you.
You closely miss Natasha.
Natasha is heavily wounded.
You closely miss the white imp. Natasha closely misses you.
You closely miss Natasha.
Natasha is heavily wounded.
You closely miss the white imp. The white imp gestures at you.
The puff of frost hits you!
* * * LOW HITPOINT WARNING * * *
Natasha claws you.
* * * LOW HITPOINT WARNING * * *
You feel better. The white imp hits you.
* * * LOW HITPOINT WARNING * * *
The white imp freezes you.
* * * LOW HITPOINT WARNING * * *
Natasha stares at you and mumbles some strange words.
You resist with almost no effort.
You hit Natasha.
Natasha is severely wounded.
You closely miss the white imp. The white imp hits you.
* * * LOW HITPOINT WARNING * * *
The white imp freezes you.
You die...

#.###..........# #.#
#..........#
#.###..........#
##.#.#...)......#
###................
#<.....#...........
..#########.#...........
..........#.#........<..
......h@...............#
......5...#...#######.##
..........##### #.#
##........# ..#
#........# ...
........... ~##
##........## P~
#........#


You could see Natasha and a white imp (summoned).

Vanquished Creatures
  A dart slug (D:1)
  5 ball pythons
  A bat (D:1)
  4 endoplasms (D:1)
  A goblin (D:1)
  6 kobolds
  A quokka (D:1)
  A frilled lizard (D:1)
  5 rats (D:1)
25 creatures vanquished.

Notes
Turn   | Place    | Note
-------+----------+-------------------------------------------
     0 | D:1      | Reached skill level 10 in Axes
     0 | D:1      | senseless the Gnoll Wanderer began the quest for the Orb.
     0 | D:1      | senseless set off with the following items: a +2 hand axe,
                  | a potion of curing, a +0 buckler, a potion of brilliance, a
                  | +0 leather armour.
     0 | D:1      | Reached XP level 1. HP: 17/17 MP: 1/1
   264 | D:1      | Reached XP level 2. HP: 23/23 MP: 2/2
   358 | D:1      | You fall into a shaft and drop 1 floor!
   528 | D:1      | Reached XP level 3. HP: 28/28 MP: 3/3
   832 | D:2      | Noticed Natasha
   848 | D:2      | HP: 1/28 [Natasha (6)]
   850 | D:2      | Slain by a white imp

Illustrated notes

Levels and vault maps discovered:
D:1:      matt_arrival_grand_opening, layout_loops_ring, serial_glass,
          glass_columns_a, glass_columns_a, minmay_heptomino_w4
D:2:      layout_basic, shapermc_ecumenical_altar_hornbeckon, uniq_natasha,
          uniq_crazy_yiuf_cottage

Skill      XL: | |
---------------+-+-----
Axes           | | 10.4
Fighting       | |  2.6
Short Blades   | |  0.7
Long Blades    | |  0.7
Maces & Flails | |  0.7
Polearms       | |  0.7
Staves         | |  0.7
Ranged Weapons | |  0.7
Throwing       | |  2.6
Armour         | |  2.6
Dodging        | |  0.7
Stealth        | |  2.3
Shields        | |  2.6
Unarmed Combat | |  0.7
Spellcasting   | |  0.7
Conjurations   | |  0.5
Hexes          | |  0.5
Summonings     | |  0.5
Necromancy     | |  0.5
Translocations | |  0.5
Transmutations | |  0.5
Fire Magic     | |  0.5
Ice Magic      | |  0.5
Air Magic      | |  0.5
Earth Magic    | |  0.5
Poison Magic   | |  0.5
Invocations    | |  0.9
Evocations     | |  0.7

Action                     || total
---------------------------++-------
  Melee: Hand axe          ||    81
         Bite              ||     3
    Use: Potion            ||     1
   Stab: Sleeping          ||     4
 Armour: Leather armour    ||    13
  Dodge: Dodged            ||    24
  Block: Buckler           ||     9

Table legend: (Time is in decaauts)
 A = Elapsed time spent in this place.
 B = Non-inter-level travel time spent in this place.
 C = Inter-level travel time spent in this place.
 D = Time resting spent in this place.
 E = Time spent auto-exploring this place.
 F = Levels seen in this place.
 G = Mean time per level.
                   A        B        C        D        E       F      G
               +--------+--------+--------+--------+--------+-----+--------+
         Total |    834 |    800 |     34 |      0 |    641 |   2 |  417.0 |
       Dungeon |    834 |    800 |     34 |      0 |    641 |   2 |  417.0 |
               +--------+--------+--------+--------+--------+-----+--------+

Top non-repeatable levels by time:
     D:1: 735 daAuts
     D:2: 98 daAuts
